 Dungeon Crawl Stone Soup version 0.24.0-13-gcf9b3192b9 (webtiles) character file.

Game seed: 17563313936978886334, levelgen mode: deterministic

31 Esekla the Skirmisher (level 3, -6/20 HPs)
             Began as a Vine Stalker Abyssal Knight on Nov 10, 2019.
             Was a Follower of Lugonu.
             Mangled by a flying skull (7 damage)
             ... on level 2 of the Abyss.
             The game lasted 00:03:19 (179 turns).

Esekla the Skirmisher (Vine Stalker Abyssal Knight)  Turns: 179, Time: 00:03:19

Health: -6/20      AC:  3    Str: 14      XL:     3   Next: 22%
Magic:  0/5        EV: 11    Int: 12      God:    Lugonu [*.....]
Gold:   37         SH:  0    Dex: 13 (14) Spells: 2/2 levels left

rFire    . . .     SeeInvis .   a - +1 falchion
rCold    . . .     Gourm    .   (no shield)
rNeg     . . .     Faith    .   b - +0 leather armour
rPois    .         Spirit   +   (no helmet)
rElec    .         Reflect  .   (no cloak)
rCorr    .         Harm     .   (no gloves)
MR       .....                  (no boots)
Stlth    +.........             (no amulet)
HPRegen  0.06/turn              (no ring)
MPRegen  0.09/turn              (no ring)

@: no status effects
A: fangs 2, magic shield, antimagic bite, no potion heal 3, rot immunity
a: Depart the Abyss, Renounce Religion


You were on level 2 of the Abyss.
You worshipped Lugonu.
Lugonu was aware of your devotion.
You were not hungry.

You visited 0 branches of the dungeon, and saw 0 of its levels.
You visited the Abyss 1 time.

You collected 37 gold pieces.

Inventory:

Hand Weapons
 a - a +1 falchion (weapon)
Armour
 b - a +0 leather armour (worn)
Potions
 d - 2 potions of curing {unknown}
Comestibles
 c - 2 rations


   Skills:
 * Level 3.4 Fighting
 + Level 2.1 Long Blades
 + Level 1.7 Armour
 + Level 0.8 Dodging
 + Level 1.9 Invocations


You had 2 spell levels left.
You didn't know any spells.
Your spell library was empty.

Dungeon Overview and Level Annotations

Branches:
Dungeon (0/15)

Altars:


Innate Abilities, Weirdness & Mutations

You have extremely sharp teeth.
When hurt, damage is shared between your health and your magic reserves.
Your bite disrupts and absorbs the magic of your enemies.
Potions cannot restore your health.
You are immune to rotting.


Message History

A flying skull comes into view.
The flying skull moves out of view.
A flying skull comes into view.
The flying skull gives a hideous shriek!
You hear a hideous shriek!
The flying skull barely misses you.
A flying skull comes into view.
A flying skull comes into view.
The flying skull hits you.
A wretched star comes into view.
Found 16 stones.
The flying skull hits you but does no damage.
A flying skull comes into view.
The flying skull gives a hideous shriek!
The flying skull hits you!
* * * LOW HITPOINT WARNING * * *
You don't have enough magic at the moment.
Unknown command.
The flying skull hits you!
You die...

.. .# .. .. .#.# ..
.... #. # ... .#.
... #.# ##.#.#
.##..# #.##..#.##..
..#.
###.@z....#.#.#.##.
#...z..##.# .#. ##.
###.z..#####. .#.#.
#....##.#.#.#z..#z
#..#..#*#. #.....#.
≈≈##..#.#....#####
.# ≈ ≈≈##...#..##
......
#.≈≈≈≈*#...####.##.
. ....≈≈≈≈..## #.
##.#


You could see a wretched star and 3 flying skulls.

Vanquished Creatures
  A quasit (Abyss:2)
1 creature vanquished.

Notes
Turn   | Place    | Note
-------+----------+-------------------------------------------
     0 | Abyss:1  | Esekla the Vine Stalker Abyssal Knight began the quest for
                  | the Orb.
     0 | Abyss:1  | Reached XP level 1. HP: 11/11 MP: 3/3
    77 | Abyss:1  | Noticed a quicksilver dragon skeleton
   132 | Abyss:2  | Noticed a quasit
   144 | Abyss:2  | Killed a quasit
   144 | Abyss:2  | Reached skill level 3 in Fighting
   144 | Abyss:2  | Reached XP level 2. HP: 7/16 MP: 1/4
   144 | Abyss:2  | Reached XP level 3. HP: 9/20 MP: 1/5
   164 | Abyss:2  | Noticed a flying skull
   167 | Abyss:2  | Noticed a flying skull
   168 | Abyss:2  | Noticed a flying skull
   170 | Abyss:2  | Noticed a flying skull
   173 | Abyss:2  | Noticed a flying skull
   174 | Abyss:2  | Noticed a wretched star
   176 | Abyss:2  | Noticed a flying skull
   177 | Abyss:2  | HP: 1/20 [flying skull (6)]
   179 | Abyss:2  | Mangled by a flying skull

Levels and vault maps discovered:
Abyss:2:  evilmike_abyss_exit_glass

Skill      XL: |  1 |
---------------+----+-----
Fighting       | 3 |  3.4
Long Blades    | 2 |  2.1
Armour         | |  1.7
Dodging        | |  0.8
Invocations    | |  1.9

Action                   || total
-------------------------++-------
Melee: Falchion          ||     6
       Bite              ||     1
Armor: Leather armour    ||     6
Dodge: Dodged            ||    12
       Rpst.: Falchion   ||     1
